 Dungeon Crawl Stone Soup version 0.18.1-50-g88ac8fd (webtiles) character file.

67 Codmurr the Shield-Bearer (level 4, 0/35 HPs)
             Began as a Human Fighter on Nov 15, 2016.
             Succumbed to an adder's poison
             ... on level 3 of the Dungeon.
             The game lasted 00:32:20 (4405 turns).

Codmurr the Shield-Bearer (Human Fighter)           Turns: 4405, Time: 00:32:21

Health: 0/35       AC: 12    Str: 17    XL:     4   Next: 40%
Magic:  4/4        EV:  3    Int:  9    God:
Gold:   41         SH:  9    Dex: 12    Spells: 0 memorised, 3 levels left

rFire  . . .     SeeInvis .     p - -2 whip (curse)
rCold  . . .     Gourm    .     P - +0 plate armour
rNeg   . . .     Faith    .     c - +0 shield
rPois  .         Spirit   .     (no helmet)
rElec  .         Dismiss  .     (no cloak)
rCorr  .         Reflect  .     (no gloves)
SustAt .         Harm     .     o - +0 pair of boots
MR     .....                    (no amulet)
Stlth  ..........               (no ring)
                                (no ring)

@: lethally poisoned (0 -> -5), starving, not resistant to hostile enchantments,
extremely unstealthy
A: no striking features
a: no special abilities


You were on level 3 of the Dungeon.
You were starving.

You visited 1 branch of the dungeon, and saw 3 of its levels.

You collected 41 gold pieces.

Inventory:

Hand Weapons
 a - a +0 long sword {The Sword of Light}
 e - a +1 dagger of venom
 h - a +0 whip
 m - a +0 club
 n - a +0 dagger
 p - a cursed -2 whip (weapon)
 r - a +0 club
 s - a +0 dagger
 t - a +0 whip
 v - a +0 club
 x - a +0 short sword
 y - a +0 hand axe
 z - a +0 short sword
 B - a +0 club
 C - a +0 dagger
 D - a +0 dagger
 F - a +0 club
 H - a +0 short sword
 K - a +0 mace
Missiles
 g - 7 tomahawks (quivered)
 w - 6 needles of sleeping
 A - 35 sling bullets
 G - 23 arrows
Armour
 b - a +0 scale mail
 c - a +0 shield (worn)
 f - a +0 ring mail
 o - a +0 pair of boots (worn)
 u - a +0 leather armour
 L - a +0 robe
 N - a +0 robe
 P - a +0 plate armour (worn)
Jewellery
 O - an uncursed ring of flight {unknown}
Scrolls
 k - a scroll of identify
 I - a scroll of enchant armour {unknown}
Potions
 d - a potion of might
 j - 2 potions of curing {unknown}
 l - a potion of brilliance {unknown}
 E - a potion of haste {unknown}
 J - a potion of degeneration {unknown}
 M - a potion of resistance {unknown}
Comestibles
 i - 3 fruits
 q - 2 meat rations


   Skills:
 + Level 3.2 Fighting
 + Level 2.2 Long Blades
 + Level 3.7 Armour
 + Level 1.0 Dodging
 + Level 3.7 Shields


You had 3 spell levels left.
You didn't know any spells.

Dungeon Overview and Level Annotations

Branches:
Dungeon (3/15)

Altars:


Message History

* * * LOW HITPOINT WARNING * * *
You feel sick. The adder bites you but does no damage.
Your plate armour prevents you from hitting the adder.
The adder is moderately wounded.
* * * LOW HITPOINT WARNING * * *
You feel sick. You block the adder's attack.
You closely miss the adder.
The adder is moderately wounded.
* * * LOW HITPOINT WARNING * * *
You feel sick. You block the adder's attack. x2
You miss the adder.
The adder is moderately wounded.
The adder bites you but does no damage.
You closely miss the adder.
The adder is moderately wounded.
* * * LOW HITPOINT WARNING * * *
You feel sick.
The adder bites you but does no damage. x2
Your shield and plate armour prevent you from hitting the adder.
The adder is moderately wounded.
You die...

.# .# ###
.# .. .#
# #. .#
#.##.#.#
#....<.#
####...#
#S@.#
#.......#
#....!..#
#.......#
#.......#
#.#...#.#
.....##.#
#..####
.#


You could see an adder.

Vanquished Creatures
  2 adders (D:2)
  An ooze (D:2)
  A dart slug (D:2)
  2 giant geckos
  2 giant cockroaches
  7 goblins
  5 hobgoblins
  7 bats
  3 giant newts
  5 kobolds
  6 rats
41 creatures vanquished.

Notes
Turn   | Place    | Note
--------------------------------------------------------------
     0 | D:1      | Codmurr the Human Fighter began the quest for the Orb.
     0 | D:1      | Reached XP level 1. HP: 18/18 MP: 1/1
   840 | D:1      | Reached XP level 2. HP: 23/24 MP: 2/2
  2368 | D:2      | Reached XP level 3. HP: 29/29 MP: 3/3
  3200 | D:2      | Reached XP level 4. HP: 35/35 MP: 4/4
  3610 | D:2      | Reached skill level 1 in Dodging
  4404 | D:3      | HP: 1/35 [poisoned by an adder]
  4405 | D:3      | Succumbed to an adder's poison

Skill      XL: |  1  2  3  4 |
---------------+-------------+-----
Dodging        | 1 |  1.0
Fighting       | |  3.2
Long Blades    | |  2.2
Armour         | |  3.7
Shields        | |  3.7

Action                   |  1- 3 |  4- 6 || total
-------------------------+-------+-------++-------
Melee: Long sword        |    98 |    24 ||   122
       Whip              |       |    52 ||    52
       Dagger            |       |     7 ||     7
Throw: Tomahawk          |       |     3 ||     3
  Use: Scroll            |     4 |       ||     4
  Eat: Bread ration      |     2 |       ||     2
Armor: Scale mail        |    70 |     7 ||    77
       Plate armour      |       |    44 ||    44
Dodge: Dodged            |    44 |    10 ||    54
Block: Shield            |    67 |    43 ||   110
